 Dungeon Crawl Stone Soup version 0.26-b1-32-g5d43845318 (webtiles) character file.

Game seed: 11048574087245461586

160628 Borgoz the Warrior (level 17, -11/156 HPs)
             Began as a Ghoul Gladiator on Jan 13, 2021.
             Was a High Priest of Okawaru.
             Shot with a bolt by an orc warrior (13 damage)
             ... on level 2 of the Orcish Mines.
             The game lasted 00:53:37 (41118 turns).

Borgoz the Warrior (Ghoul Gladiator)               Turns: 41118, Time: 00:53:38

Health: -11/156    AC: 19    Str: 26    XL:     17   Next: 77%
Magic:  0/23       EV: 22    Int:  3    God:    Okawaru [*****.]
Gold:   2755       SH:  0    Dex: 19    Spells: 21/26 levels left

rFire    + . .     SeeInvis +   a - +2 great mace (drain)
rCold    + + +     Faith    .   (shield currently unavailable)
rNeg     + + +     Spirit   +   b - +4 ring mail of Okawaru's Displeasure {rC++ Str+4}
rPois    ∞         Reflect  .   L - +1 helmet {SInv}
rElec    .         Harm     .   c - +1 cloak
rCorr    .         Rampage  +   (no gloves)
Will     +....                  n - +1 pair of boots {rampage}
Stlth    ++........             p - amulet of guardian spirit
HPRegen  0.00/turn              m - +6 ring of dexterity
MPRegen  0.18/turn              G - ring of protection from fire

@: no status effects
A: claws 1, cold resistance 1, negative energy resistance 3, inhibited
regeneration, torment resistance, unbreathing
a: Renounce Religion, Heroism, Finesse


You were on level 2 of the Orcish Mines.
You worshipped Okawaru.
Okawaru was extremely pleased with you.
You visited 4 branches of the dungeon, and saw 24 of its levels.
You also visited: Bailey.

You collected 3817 gold pieces.
You spent 1062 gold pieces at shops.

Inventory:

Hand Weapons
 a - a +2 great mace of draining (weapon)
 F - the +8 flail "Beskiyqi" {freeze, rN+ Dex+3}
   (Okawaru gifted it to you on level 14 of the Dungeon)

   It has been specially enchanted to freeze those struck by it, causing extra
   injury to most foes and up to half again as much damage against particularly
   susceptible opponents.
   It can also slow down cold-blooded creatures.
   It affects your dexterity (+3).
   It protects you from negative energy.
Armour
 b - the +4 ring mail of Okawaru's Displeasure (worn) {rC++ Str+4}
   (Okawaru gifted it to you on level 2 of the Lair of Beasts)

   It affects your strength (+4).
   It greatly protects you from cold.
 c - a +1 cloak (worn)
 h - a +1 helmet of intelligence
 n - a +1 pair of boots of rampaging (worn)
 L - a +1 helmet of see invisible (worn)
Jewellery
 g - an uncursed amulet of reflection
 m - a +6 ring of dexterity (left claw)
 p - an amulet of guardian spirit (around neck)
 r - an uncursed ring of willpower
 w - a +4 ring of slaying
 G - a ring of protection from fire (right claw)
 H - the ring of Finality {Ice Slay+3}
   (You took it off an orc warrior on level 14 of the Dungeon)

   [ring of ice]

   It enhances your ice magic.
   It affects your accuracy and damage with ranged weapons and melee attacks
   (+3).
   It makes you vulnerable to fire.
   It protects you from cold.
 I - the ring of Amox {rC+ MP+9}
   (You took it off a centaur warrior on level 14 of the Dungeon)

   [ring of magical power]

   It protects you from cold.
   It affects your magic capacity (+9).
 J - an uncursed amulet of faith
Wands
 d - a wand of acid (7)
 l - a wand of flame (30)
 x - a wand of iceblast (12)
 A - a wand of paralysis (15)
Scrolls
 e - 4 scrolls of fog
 i - 5 scrolls of remove curse
 j - a scroll of silence
 k - a scroll of blinking
 o - 7 scrolls of teleportation
 y - 3 scrolls of enchant weapon
 B - 4 scrolls of identify
 C - a scroll of magic mapping
 D - 2 scrolls of enchant armour
Potions
 f - 6 potions of brilliance
 q - a potion of haste
 s - 7 potions of curing
 t - 2 potions of magic
 u - 2 potions of resistance
 v - 2 potions of might
 z - a potion of heal wounds
 E - a potion of flight
 K - a potion of ambrosia


   Skills:
 * Level 15.1 Fighting
 * Level 13.7 Maces & Flails
 - Level 1.7 Throwing
 * Level 13.4 Armour
 * Level 13.8 Dodging
 - Level 2.4 Stealth
 - Level 5.0 Spellcasting
 - Level 5.0 Hexes
 - Level 5.6 Invocations
 - Level 1.9 Evocations


You had 21 spell levels left.
You knew the following spells:

 Your Spells              Type           Power        Failure   Level
a - Confusing Touch       Hex            3%           19%         3
b - Blink                 Tloc           N/A          58%         2

Your spell library contained the following spells:

 Spells                   Type           Power        Failure   Level
 Tukima's Dance           Hex            3%           19%         3
 Apportation              Tloc           0%           43%         1
 Foxfire                  Conj/Fire      0%           43%         1
 Magic Dart               Conj           0%           43%         1
 Sandblast                Erth           0%           43%         1
 Dazzling Flash           Conj/Hex       4%           45%         3
 Cause Fear               Hex            1%           52%         4
 Passwall                 Tmut/Erth      0%           58%         2
 Searing Ray              Conj           0%           58%         2
 Gell's Gravitas          Tloc           0%           82%         3
 Ignite Poison            Fire/Tmut/Pois 0%           82%         3
 Lesser Beckoning         Tloc           0%           82%         3
 Stone Arrow              Conj/Erth      0%           82%         3
 Teleport Other           Tloc           0%           82%         3
 Fulminant Prism          Conj/Hex       1%           86%         4
 Iskenderun's Mystic Bla  Conj/Tloc      0%           99%         4
 Passage of Golubria      Tloc           N/A          99%         4
 Petrify                  Tmut/Erth      0%           99%         4
 Metabolic Englaciation   Hex/Ice        1%           99%         5
 Silence                  Hex/Air        1%           99%         5
 Yara's Violent Unravell  Hex/Tmut       1%           99%         5
 Alistair's Intoxication  Tmut/Pois      0%           100%        5
 Fireball                 Conj/Fire      0%           100%        5
 Lee's Rapid Deconstruct  Erth           0%           100%        5
 Invisibility             Hex            3%           100%        6
 Starburst                Conj/Fire      0%           100%        6
 Discord                  Hex            1%           100%        8
 Ignition                 Fire           0%           100%        8


Dungeon Overview and Level Annotations

Branches:
Dungeon (15/15)            Temple (1/1) D:5            Lair (6/6) D:9
 Shoals (0/4) Lair:4       Spider (0/4) Lair:4        Slime (0/5) Lair:6
    Orc (2/2) D:11            Elf (0/3) Orc:2        Vaults (0/5) D:13
 Depths (0/5) D:15         Bailey (visited)

Altars:
Ashenzari
Cheibriados
Dithmenos
Elyvilon
Fedhas
Gozag
Hepliaklqana
Kikubaaqudgha
Makhleb
Nemelex Xobeh
Okawaru
Qazlal
Ru
Sif Muna
Trog
Uskayaw
Vehumet
Wu Jian
Xom
Yredelemnul
Zin
The Shining One
Jiyva

Shops:
D:11 ?   D:12 :

Annotations:
D:15 1 transporter, Vochiuc's ghost, adept DEFE


Innate Abilities, Weirdness & Mutations

You thrive by killing the living.
You are immune to poison.
You have sharp fingernails.
Your flesh is cold resistant. (rC+)
You are immune to negative energy. (rN+++)
You do not regenerate when monsters are visible.
You are immune to unholy pain and torment.
You can survive without breathing.


Message History

The orc warrior shoots a bolt.
The bolt hits you!!
* * * LOW HITPOINT WARNING * * *
You closely miss the orc.
The orc is heavily wounded.
The orc closely misses you.
The orc warrior hits you from afar with a +0 glaive.
* * * LOW HITPOINT WARNING * * *
The orc unwields a +0 hand axe.
The orc wields a +0 arbalest.
The orc shoots a bolt.
The bolt misses you.
You hear a shout!
An orc warrior comes into view. It is wielding a +0 war axe.
The orc knight unwields a +0 broad axe.
The orc knight wields a +0 arbalest.
The orc knight shoots a bolt.
The bolt hits you!!
* * * LOW HITPOINT WARNING * * *
The orc warrior shoots a bolt.
The bolt completely misses you.
The orc warrior shoots a bolt.
The bolt closely misses you.
The orc warrior moves out of view.
You see here 2 bolts.
The orc warrior shoots a bolt.
The bolt hits you!
You die... ooo....... oooo......

##≈≈≈≈o....
###≈≈≈≈...... ≈≈
##≈≈≈≈..o..... ..≈≈≈
#≈≈≈.......... ...≈≈
#≈≈..oo).....#
..##...###...##oo##..#
........(..@(.(o.......
............(^.........
##.....#...(...........#
#........((.$.......#.##
#.......#.....(...$..>##
#.....##..........#....#
#....#...^.......#...##
#......#........$#.##
##.....###.#.#..##


You could see an orc knight, 6 orc warriors and 2 orcs.

Vanquished Creatures
  An ancient lich (D:14)
  A lich (D:14)
  Kirke (D:14)
  A fire giant (D:15)
  The ghost of Qymaymp the Geomancer, an adept GrEE of Vehumet (D:14)
  An orc warlord (Bailey)
  Nessos (Lair:4)
  Josephine (Orc:2)
  An ogre mage (D:15)
  8 hydras
  4 vault guards
  4 boulder beetles
  A catoblepas (Lair:6)
  A death knight (D:15)
  9 centaur warriors
  18 death yaks
  A tengu warrior (D:15)
  10 two-headed ogres
  A shock serpent (shapeshifter) (D:14)
  Nergalle (D:11)
  Sonja (Lair:1)
  A deep elf knight (D:14)
  A fire crab (Lair:6)
  7 unseen horrors
  A wizard (D:15)
  2 lindwurms
  2 wolf spiders (D:14)
  2 deep elf magi (D:14)
  17 ugly things
  4 cyclopes
  A moth of wrath (Lair:6)
  2 merfolk sirens (Lair:4)
  17 elephants
  A gargoyle (D:11)
  7 black mambas
  15 cane toads
  3 torpor snails
  3 rime drakes
  11 komodo dragons
  An efreet (D:14)
  4 kobold demonologists
  A harpy zombie (D:14)
  2 merfolk (Lair:4)
  6 trolls
  6 polar bears (Lair:6)
  A blink frog (Lair:2)
  6 hornets
  A dream sheep (shapeshifter) (D:15)
  11 spriggans (Lair:6)
  Sigmund (D:3)
  10 wraiths
  2 shadows
  4 wyverns
  Eustachio (D:5)
  2 vampires
  86 yaks
  A hog (D:14)
  5 basilisks
  9 vampire mosquitoes
  3 wargs
  3 swamp worms (D:11)
  A soldier ant (D:15)
  2 acid dragons
  16 water moccasins
  An eye of draining (D:8)
  5 sky beasts
  15 orc warriors
  6 ice beasts
  5 black bears
  5 phantoms
  5 boggarts (Lair:6)
  A necrophage (D:11)
  31 wolves
  18 centaurs
  15 ogres
  7 big kobolds
  26 bullfrogs
  4 scorpions
  20 killer bees
  11 wights
  3 electric eels
  A howler monkey (D:6)
  5 centaur zombies
  A quasit (D:8)
  7 hounds
  10 orc priests
  2 bullfrog zombies
  9 jellies
  2 bullfrog skeletons
  13 orc wizards
  4 centaur skeletons
  Ijyb (D:4)
  4 iguanas
  6 worker ants
  A killer bee zombie (D:9)
  2 worker ant zombies
  13 gnolls
  A howler monkey skeleton (D:9)
  7 adders
  5 shadow imps
  2 white imps
  3 ufetubi
  An ooze (D:7)
  An adder zombie (D:6)
  2 adder skeletons (D:5)
  3 worms
  A dart slug (D:2)
  12 leopard geckos
  87 orcs
  3 giant cockroaches
  10 hobgoblins
  73 kobolds
  5 quokkas
  5 bats
  2 frilled lizards
  16 goblins
  A leopard gecko skeleton (D:4)
  A quokka skeleton (D:6)
  4 rats
854 creatures vanquished.

Vanquished Creatures (collateral kills)
  The ghost of Killmatronix the Destroyer, a journeyman OpHu of Gozag (Lair:6)
  A boulder beetle (Lair:6)
2 creatures vanquished.

Vanquished Creatures (others)
  A lich (D:14)
  2 yaks
  A worker ant (D:14)
  An orc (D:13)
  40 fungi
  67 plants
112 creatures vanquished.

Grand Total: 968 creatures vanquished

Notes
Turn   | Place    | Note
-------+----------+-------------------------------------------
     0 | D:1      | Borgoz the Ghoul Gladiator began the quest for the Orb.
     0 | D:1      | Reached XP level 1. HP: 17/17 MP: 0/0
   216 | D:1      | Reached XP level 2. HP: 25/25 MP: 1/1
   750 | D:2      | Found an opulent altar of Gozag.
   820 | D:2      | Reached XP level 3. HP: 9/30 MP: 2/2
  1034 | D:2      | Reached skill level 1 in Armour
  1670 | D:3      | Noticed Sigmund
  1696 | D:3      | Killed Sigmund
  1697 | D:3      | Reached skill level 3 in Fighting
  1697 | D:3      | Reached XP level 4. HP: 16/40 MP: 3/3
  1697 | D:3      | Reached XP level 5. HP: 18/46 MP: 4/4
  2061 | D:3      | Reached XP level 6. HP: 52/52 MP: 5/5
  2095 | D:3      | Found a sacrificial altar of Ru.
  2672 | D:4      | Reached skill level 4 in Fighting
  2866 | D:4      | Found a burning altar of Makhleb.
  2866 | D:4      | Found a basalt altar of Yredelemnul.
  2867 | D:4      | Found a bloodstained altar of Trog.
  2867 | D:4      | Found an ornate altar of the Wu Jian Council.
  2869 | D:4      | Found a shimmering altar of Xom.
  2870 | D:4      | Found a sparkling altar of Nemelex Xobeh.
  3015 | D:4      | Noticed Ijyb
  3035 | D:4      | Killed Ijyb
  3036 | D:4      | Reached XP level 7. HP: 56/60 MP: 6/6
  3526 | D:5      | Entered Level 5 of the Dungeon
  3604 | D:5      | Found a staircase to the Ecumenical Temple.
  3669 | Temple   | Entered the Ecumenical Temple
  4054 | Temple   | Became a worshipper of Warmaster Okawaru
  4511 | D:5      | Noticed a +0 dagger
  4512 | D:5      | Noticed a +0 hand axe
  4513 | D:5      | Found a hide-covered altar of Uskayaw.
  4621 | D:5      | Reached skill level 1 in Invocations
  4796 | D:5      | Reached skill level 5 in Fighting
  4810 | D:5      | Got a jewelled leather armour
  4821 | D:5      | Identified the +3 leather armour "Gabafal" {Rampage rPois
                  | rC- Str+5} (You found it on level 5 of the Dungeon)
  4893 | D:5      | Reached XP level 8. HP: 68/68 MP: 7/7
  5212 | D:5      | Reached * piety under Okawaru
  5213 | D:5      | Reached skill level 5 in Maces & Flails
  5213 | D:5      | Reached skill level 5 in Dodging
  5623 | D:5      | Noticed Eustachio
  5644 | D:5      | Killed Eustachio
  6150 | D:5      | Reached skill level 6 in Fighting
  6588 | D:6      | Reached XP level 9. HP: 75/75 MP: 9/9
  6790 | D:6      | Identified a scroll of acquirement
  6869 | D:7      | Reached skill level 5 in Armour
  7169 | D:7      | Acquired 897 gold pieces
  7408 | D:6      | Reached ** piety under Okawaru
  8065 | D:7      | Reached skill level 7 in Fighting
  9307 | D:7      | Reached XP level 10. HP: 86/86 MP: 11/11
  9310 | D:7      | Reached *** piety under Okawaru
 10143 | D:8      | Found a radiant altar of Vehumet.
 10199 | D:8      | Noticed a two-headed ogre
 10209 | D:8      | Killed a two-headed ogre
 10210 | D:8      | Reached skill level 8 in Fighting
 10529 | D:8      | Reached **** piety under Okawaru
 10533 | D:8      | Identified the Guide on Heat
 10896 | D:8      | Learned a level 3 spell: Confusing Touch
 11159 | D:8      | Received a gift from Okawaru
 11802 | D:8      | Reached skill level 5 in Invocations
 12009 | D:9      | Received a gift from Okawaru
 12010 | D:9      | Reached XP level 11. HP: 76/95 MP: 9/13
 12016 | D:9      | Reached skill level 9 in Fighting
 13009 | D:9      | Found a staircase to the Lair.
 13184 | D:9      | Found an ancient bone altar of Kikubaaqudgha.
 13262 | D:10     | Entered Level 10 of the Dungeon
 13364 | D:10     | Reached ***** piety under Okawaru
 14596 | D:10     | Noticed a two-headed ogre
 14625 | D:10     | Killed a two-headed ogre
 14625 | D:10     | Received a gift from Okawaru
 14868 | D:10     | Reached skill level 10 in Fighting
 14965 | D:10     | Received a gift from Okawaru
 15173 | D:11     | Found a staircase to the Orcish Mines.
 15233 | D:11     | Found Luco Uno's Magic Scroll Boutique.
 15241 | D:11     | Bought a scroll of magic mapping for 63 gold pieces
 15241 | D:11     | Bought a scroll of acquirement for 936 gold pieces
 15252 | D:11     | Acquired 693 gold pieces
 15305 | D:11     | Found a flagged portal.
 15358 | Bailey   | Entered a bailey
 15386 | Bailey   | Noticed an orc warlord
 15494 | Bailey   | Found a runed translucent gate.
 15494 | Bailey   | Found a runed translucent gate.
 15494 | Bailey   | Found a runed translucent gate.
 16035 | Bailey   | Killed an orc warlord
 16036 | Bailey   | Reached XP level 12. HP: 14/107 MP: 2/14
 16761 | D:11     | Reached XP level 13. HP: 114/114 MP: 14/16
 16762 | D:11     | Reached skill level 10 in Maces & Flails
 16762 | D:11     | Reached skill level 10 in Dodging
 16762 | D:11     | Reached skill level 1 in Evocations
 16762 | D:11     | Reached XP level 14. HP: 122/122 MP: 14/18
 17917 | D:11     | Noticed Nergalle
 17942 | D:11     | Killed Nergalle
 18374 | D:11     | Bought a scroll of fear for 63 gold pieces
 18603 | D:12     | Reached skill level 10 in Armour
 19213 | D:12     | Found Neaqeogg's Book Emporium.
 19460 | Lair:1   | Entered Level 1 of the Lair of Beasts
 19460 | Lair:1   | Noticed Sonja
 19470 | Lair:1   | Killed Sonja
 19471 | Lair:1   | Reached skill level 11 in Fighting
 21475 | Lair:2   | Received a gift from Okawaru
 21476 | Lair:2   | Got a shimmering ring mail {god gift}
 21503 | Lair:2   | Identified the +4 ring mail of Okawaru's Displeasure {rC++
                  | Str+4} (Okawaru gifted it to you on level 2 of the Lair of
                  | Beasts)
 24800 | Lair:4   | Found a hole to the Spider Nest.
 24817 | Lair:4   | Reached XP level 15. HP: 97/132 MP: 14/20
 25062 | Lair:4   | Noticed Nessos
 25086 | Lair:4   | Killed Nessos
 25791 | Lair:4   | Found a staircase to the Shoals.
 26236 | Lair:5   | Reached skill level 12 in Fighting
 28525 | Lair:6   | Entered Level 6 of the Lair of Beasts
 28530 | Lair:6   | Found a transporter.
 28536 | Lair:6   | Noticed Killmatronix's ghost (journeyman OpHu)
 28576 | Lair:6   | Found a viscous altar of Jiyva.
 28577 | Lair:6   | Found a staircase to the Slime Pits.
 28604 | Lair:6   | Found a transporter.
 28608 | Lair:6   | Reached ****** piety under Okawaru
 29019 | Lair:5   | Received a gift from Okawaru
 29023 | Lair:5   | Got a brightly glowing chain mail {god gift}
 29034 | Lair:5   | Identified the +1 chain mail of the Bouncing Suns {rF-
                  | Str+7 Dex+4} (Okawaru gifted it to you on level 5 of the
                  | Lair of Beasts)
 29943 | Lair:6   | Reached skill level 5 in Spellcasting
 29961 | Lair:6   | Reached skill level 5 in Hexes
 30095 | Lair:6   | HP: 4/134 [elephant (4)]
 31045 | Lair:6   | Reached skill level 13 in Fighting
 31056 | Lair:6   | Reached XP level 16. HP: 119/143 MP: 12/22
 31576 | Lair:6   | Received a gift from Okawaru
 32591 | Lair:6   | Killed Killmatronix's ghost
 32949 | Lair:6   | Got a twisted leather armour
 33120 | Lair:1   | Identified the cursed +0 leather armour of Wyoquobo {Int+3}
                  | (You found it on level 6 of the Lair of Beasts)
 33153 | Lair:1   | Learned a level 2 spell: Blink
 33639 | D:13     | Found a gate to the Vaults.
 34120 | D:12     | Received a gift from Okawaru
 35295 | D:14     | Noticed a lich
 35299 | D:14     | Noticed a lich
 35304 | D:14     | Killed a lich
 35314 | D:14     | Paralysed by a lich for 6 turns
 35324 | D:14     | Killed a lich
 35557 | D:14     | Reached skill level 14 in Fighting
 35562 | D:14     | Received a gift from Okawaru
 35565 | D:14     | Got a shimmering flail {god gift}
 35566 | D:14     | Identified the +8 flail "Beskiyqi" {freeze, rN+ Dex+3}
                  | (Okawaru gifted it to you on level 14 of the Dungeon)
 35701 | D:14     | Noticed an ancient lich
 35718 | D:14     | Killed an ancient lich
 35958 | D:14     | Reached XP level 17. HP: 67/152 MP: 13/23
 36029 | D:14     | HP: 6/154 [wolf spider (7)]
 36147 | D:14     | Identified the ring of Finality {Ice Slay+3}
 36628 | D:14     | Identified the ring of Amox {rC+ MP+9}
 36634 | D:14     | Received a gift from Okawaru
 36669 | D:14     | You fall into a shaft and drop 1 floor!
 36669 | D:15     | Entered Level 15 of the Dungeon
 36692 | D:15     | Paralysed by an ogre mage for 5 turns
 37133 | D:15     | HP: 1/154 [death knight/+1 glaive of freezing (8)]
 37195 | D:15     | Found a staircase to the Depths.
 37210 | D:14     | HP: 5/154 [purple ugly thing (6)]
 37870 | D:15     | Found a transporter.
 37870 | D:15     | Noticed Vochiuc's ghost (adept DEFE)
 38013 | D:15     | Found a transporter.
 38237 | D:14     | Noticed Kirke
 38254 | D:14     | Killed Kirke
 38578 | D:14     | Found a runed translucent gate.
 38578 | D:14     | Found a runed translucent gate.
 38578 | D:14     | Found a runed translucent gate.
 38581 | D:14     | Noticed Qymaymp's ghost (adept GrEE)
 38618 | D:14     | Killed Qymaymp's ghost
 39219 | D:15     | Received a gift from Okawaru
 39294 | D:15     | Reached skill level 15 in Fighting
 39515 | D:15     | HP: 3/156 [boulder beetle (11)]
 40586 | Orc:1    | Entered Level 1 of the Orcish Mines
 40976 | Orc:2    | Entered Level 2 of the Orcish Mines
 40989 | Orc:2    | Noticed Josephine
 41005 | Orc:2    | Killed Josephine
 41088 | Orc:2    | Found a staircase to the Elven Halls.
 41117 | Orc:2    | HP: 2/156 [orc knight/bolt (18)]
 41118 | Orc:2    | Shot with a bolt by an orc warrior

Illustrated notes

Levels and vault maps discovered:
D:1:      dpeg_arrival_erosion, layout_loops_ring
D:2:      layout_rooms, grunt_gozag_statues
D:3:      corexii_shack_village, layout_basic, nicolae_ru_sacrificial_ziggurat,
          uniq_sigmund
D:4:      layout_loops_ring, grunt_temple_overflow_open, gup_sewer_entry_bowl,
          uniq_ijyb
D:5:      minmay_goblin_kobold_castle, layout_basic, dancing_weapons_uskayaw,
          minmay_temple_entry_offerings, uniq_eustachio
D:6:      layout_basic
D:7:      layout_cave_pools, dk_rats_in_the_wall
D:8:      minmay_tri_box, layout_loops_ring, old_standard_altar
D:9:      layout_irregular_city, kennysheep_little_box, lair_entry_dummy,
          minmay_statues_item
D:10:     layout_stronghold, serial_glass, glass_columns_b, glass_columns_b,
          glass_columns_a, glass_columns_b, glass_columns_b, glass_columns_a
D:11:     layout_roguey, orc_0_dummy, lightli_bailey_entry_fortress,
          serial_shops, nicolae_shop_crystal, worms_lemuel, uniq_nergalle
D:12:     layout_roguey, serial_shops, nicolae_shop_stone, hex_medium
D:13:     layout_cave_pools, lightli_vaults_fourway_checkpoint,
          amcnicky_mini_rare_corridor_liquid
D:14:     minmay_the_grid_4x2 [minmay_the_grid_minigrid_large,
          minmay_the_grid_large_cup, minmay_the_grid_broken_lines,
          minmay_the_grid_minigrid_small, minmay_the_grid_minigrid_small_alt,
          minmay_the_grid_diamond_grid, minmay_the_grid_tri_star,
          minmay_the_grid_prize_trominoes], layout_loops_cross,
          ebering_ghost_rock_garden, hangedman_glass_teeth, drop_trap,
          uniq_kirke
D:15:     grunt_enter_depths_giant_problem, layout_rooms,
          hangedman_decor_diamond_cutter, gammafunk_ghost_berserking_beasts
Temple:   minmay_temple_forest_path
Lair:1:   layout_roguey, infiniplex_staircase_pool_2, uniq_sonja
Lair:2:   layout_cave_pods, minmay_shattered_shrine, grunt_megastairs_4,
          lemuel_fruit_tree, serial_bayou_shore_b, serial_bayou_shore_a
Lair:3:   layout_chaotic_city
Lair:4:   layout_small_grid, elwin_shoals_entry_stream, dummy_spider_entry,
          uniq_nessos
Lair:5:   layout_long_grid, grunt_megastairs_2
Lair:6:   minmay_lair_end_enchanted_forest, layout_regular_city, slime_altar_1,
          gammafunk_ghost_berserking_beasts, gammafunk_lair_bear_cave
Orc:1:    layout_caves
Orc:2:    st_orc_rangers, layout_diamond_mine, ebering_ghost_rock_garden,
          small_statue_alley_c, minmay_orc_temple_a, uniq_josephine

Skill      XL: |  1  2  3  4  5  6  7  8  9 10 11 12 13 14 15 16 17 |
---------------+----------------------------------------------------+-----
Maces & Flails | 3 4 5 6 7 9 10 11 12 13 | 13.7
Dodging        | 3 4 5 6 7 9 10 11 12 13 | 13.8
Armour         | 2 3 4 5 7 8 9 10 11 12 13 | 13.4
Fighting       | 3 4 5 6 7 8 10 11 13 14 15 | 15.1
Invocations    | 1 2 3 5 |  5.6
Spellcasting   | 2 3 4 5 |  5.0
Hexes          | 2 3 4 5 |  5.0
Stealth        | 2 |  2.4
Evocations     | 1 |  1.9
Throwing       | |  1.7

Action                   |  1- 3 |  4- 6 |  7- 9 | 10-12 | 13-15 | 16-18 || total
-------------------------+-------+-------+-------+-------+-------+-------++-------
Melee: Flail             |   122 |   136 |   580 |       |       |       ||   838
       Dire flail        |       |       |    77 |   653 |  1444 |   347 ||  2521
       Unarmed           |       |       |    12 |       |       |       ||    12
       Great mace        |       |       |       |       |       |   725 ||   725
Throw: Throwing net      |     3 |     1 |       |       |       |       ||     4
Invok: Heroism           |       |       |       |       |     1 |     2 ||     3
       Finesse           |       |       |       |       |       |     2 ||     2
Evoke: Wand              |       |       |     6 |    25 |       |    10 ||    41
  Use: Potion            |     4 |     2 |     1 |     2 |     9 |     2 ||    20
       Scroll            |       |     6 |     5 |     9 |     9 |    14 ||    43
 Stab: Held in net/web   |     1 |     1 |       |       |       |       ||     2
       Sleeping          |       |     2 |     8 |    14 |    16 |     5 ||    45
       Distracted        |       |       |       |     1 |     2 |     6 ||     9
       Invisible         |       |       |       |       |     6 |       ||     6
       Paralysed         |       |       |       |       |       |     2 ||     2
Armor: Leather armour    |    35 |    39 |   207 |   171 |    84 |       ||   536
       Ring mail         |       |       |       |       |   409 |   451 ||   860
       Chain mail        |       |       |       |       |     5 |       ||     5
Dodge: Dodged            |   109 |   105 |   641 |   597 |  1582 |  1365 ||  4399
Block: Buckler           |       |       |   143 |       |       |       ||   143
